[Event "GambitGuide"]
[Site "Internet Chess Club"]
[Date "2014.10.31"]
[Round "1"]
[White "JSBach"]
[Black "gianchan"]
[Result "1-0"]
[ICCResult "Black resigns"]
[WhiteElo "1684"]
[BlackElo "1708"]
[Opening "Vienna: `Frankenstein-Dracula' variation"]
[ECO "C27"]
[NIC "VG.02"]
[Time "09:16:49"]
[TimeControl "120+12"]

1. e4 e5 2. Nc3 Nf6 3. Bc4 Nxe4 4. Qh5 Nd6 5. Bb3 Nc6 6. Nb5 g6 7. Qf3 f5 8.
Qd5 Qe7 9. Nxc7+ Kd8 10. Nxa8 b6 11. d3 Bb7 12. Nxb6 axb6 13. Qf3 Bg7 14.
Be3 Kc7 15. Bd5 e4 16. Qf4 g5 17. Qxg5 Bf6 18. Qf4 Be5 19. Qh6 Nb4 20. Bb3
exd3 21. cxd3 Bxg2 22. d4 Bf6 23. a3 Nc6 24. d5 Bxh1 25. dxc6 Bxc6 26. Rc1
Kb7 27. Rc2 Be5 28. Ne2 Be4 29. Bg5 Qe8 30. Rc1 Bxb2 31. Qxd6 Bxc1 32. Bxc1
Bf3 33. Bd5+ Bxd5 34. Qxd5+ Ka7 35. Qxf5 Qe6 36. Qxe6 dxe6 37. Bf4 Rd8 38.
Be5 Rd3 39. Nd4 Ka6 40. Nxe6 Rxa3 41. f4 Kb7 42. Kd1 Kc6 43. f5 Kd7 44. Nf8+
Ke8 45. Nxh7 Kf7 46. Ng5+ Kf8 47. Bd6+ Ke8 48. Bxa3 {Black resigns} 1-0

[Event "GambitGuide"]
[Site "Internet Chess Club"]
[Date "2014.10.31"]
[Round "1"]
[White "JSBach"]
[Black "Muzza"]
[Result "0-1"]
[ICCResult "White checkmated"]
[WhiteElo "1684"]
[BlackElo "1950"]
[Opening "Vienna: `Frankenstein-Dracula' variation"]
[ECO "C27"]
[NIC "VG.02"]
[Time "09:15:32"]
[TimeControl "120+12"]

1. e4 e5 2. Nc3 Nf6 3. Bc4 Nxe4 4. Qh5 Nd6 5. Bb3 Nc6 6. Nb5 g6 7. Qf3 f5 8.
Qd5 Qe7 9. Nxc7+ Kd8 10. Nxa8 b6 11. d3 Nd4 12. h4 f4 13. Kd2 Bb7 14. Nxb6
Bxd5 15. Nxd5 Qe6 16. Bc4 Nxc4+ 17. dxc4 Qf5 18. c3 Qc2+ 19. Ke1 Nf5 20. b3
Bc5 21. Ne2 a5 22. Rh3 Nd6 23. b4 axb4 24. cxb4 Ba7 25. c5 Nf5 26. Ra3 Bb8
27. Ra8 Kc8 28. g3 Kb7 29. Nb6 f3 30. Bd2 fxe2 31. Kxe2 Nd4+ 32. Ke3 Rf8 33.
Rxb8+ Kxb8 34. Nxd7+ Kc7 35. Nxf8 Qf5 36. Ne6+ Qxe6 37. Rb1 Qxa2 38. Rc1 Nb3
39. Rd1 Nxd2 40. Rxd2 Qb3+ 41. Ke2 Qxb4 42. Rc2 Kc6 43. Kd3 Qd4+ 44. Ke2 e4
45. Ke1 e3 46. f3 Qd3 47. Rg2 Kxc5 48. g4 Kd5 49. h5 g5 50. h6 Ke5 51. Rb2
Kf4 52. Rg2 Qc3+ 53. Kd1 Qa1+ 54. Ke2 Qb2+ 55. Kd1 Qxg2 56. Kc1 Qd2+ 57. Kb1
e2 58. Ka1 e1=Q# {White checkmated} 0-1

[Event "GambitGuide"]
[Site "Internet Chess Club"]
[Date "2014.10.31"]
[Round "1"]
[White "JSBach"]
[Black "Wannabet"]
[Result "0-1"]
[ICCResult "White checkmated"]
[WhiteElo "1684"]
[BlackElo "1436"]
[Opening "Vienna: `Frankenstein-Dracula' variation"]
[ECO "C27"]
[NIC "VG.02"]
[Time "09:13:14"]
[TimeControl "120+12"]

1. e4 e5 2. Nc3 Nf6 3. Bc4 Nxe4 4. Qh5 Nd6 5. Bb3 Nc6 6. Nb5 g6 7. Qf3 f5 8.
Qd5 Qe7 9. Nxc7+ Kd8 10. Nxa8 b6 11. d3 Bb7 12. Nxb6 axb6 13. Qf3 Nd4 14.
Qg3 Nxb3 15. axb3 f4 16. Qg4 Qf7 17. Ra7 Kc8 18. b4 Kb8 19. Ra1 h5 20. Qe2
Bxg2 21. Qxe5 Qe7 22. Qxe7 Bxe7 23. Ra6 Kb7 24. Ra1 Bxh1 25. Bxf4 Re8 26.
Ne2 Bf3 27. Be5 Nf7 28. Bc3 Bd6 29. Be5 Rxe5 30. Kd1 Bxe2+ 31. Kd2 Bg4 32.
Kc3 Rb5 33. h4 Bxb4+ 34. Kd4 Ne5 35. f4 Nf3+ 36. Kc4 Kc6 37. d4 Be6+ 38. Kd3
Nxh4 39. c4 Rf5 40. d5+ Bxd5 41. cxd5+ Kxd5 42. Rd1 Kc6 43. Rf1 d5 44. b3
Ng2 45. Rc1+ Kd6 46. Kc2 Nxf4 47. Rd1 g5 48. Rd4 Bc5 49. Rd1 h4 50. Rd2 g4
51. b4 Bxb4 52. Rd1 Bc5 53. Kd2 d4 54. Rh1 h3 55. Rg1 Rg5 56. Ke1 Kd5 57.
Rf1 Bd6 58. Kf2 Nh5 59. Kg1 b5 60. Rb1 b4 61. Ra1 Bc5 62. Kh2 d3 63. Rd1 Kd4
64. Rh1 b3 65. Rb1 Bd6+ 66. Kg1 Kc3 67. Rc1+ Kd2 68. Rb1 Rb5 69. Ra1 b2 70.
Rb1 Kc2 71. Re1 b1=Q 72. Kf2 Qxe1+ 73. Kxe1 Rb1+ 74. Kf2 Bc5# {White
checkmated} 0-1

[Event "GambitGuide"]
[Site "Internet Chess Club"]
[Date "2014.10.31"]
[Round "1"]
[White "JSBach"]
[Black "tushpa"]
[Result "1-0"]
[ICCResult "Black resigns"]
[WhiteElo "1684"]
[BlackElo "1386"]
[Opening "Vienna: `Frankenstein-Dracula' variation"]
[ECO "C27"]
[NIC "VG.02"]
[Time "09:16:17"]
[TimeControl "120+12"]

1. e4 e5 2. Nc3 Nf6 3. Bc4 Nxe4 4. Qh5 Nd6 5. Bb3 Nc6 6. Nb5 g6 7. Qf3 f5 8.
Qd5 Qe7 9. Nxc7+ Kd8 10. Nxa8 b6 11. d3 Bb7 12. Nxb6 axb6 13. Qf3 Nd4 14.
Qg3 Nxb3 15. axb3 Bg7 16. Be3 Nc8 17. Bg5 Bf6 18. Bxf6 Qxf6 19. Nf3 Re8 20.
O-O d6 21. Rfe1 Bxf3 22. Qxf3 Qe7 23. Qa8 Qc7 24. Re2 Ke7 25. Qd5 Kf8 26. b4
Ne7 27. Qe6 Nc6 28. Qc4 Qd7 29. Qb5 Qb7 30. Qa6 Qd7 31. Qxb6 Nd4 32. Rd2 d5
33. Ra7 Qd8 34. Qxd8 Rxd8 35. Rxh7 Kg8 36. Ra7 Nb5 37. Re7 {Black resigns}
1-0

[Event "GambitGuide"]
[Site "Internet Chess Club"]
[Date "2014.10.31"]
[Round "1"]
[White "JSBach"]
[Black "Atreyu"]
[Result "1-0"]
[ICCResult "Black forfeits on time"]
[WhiteElo "1684"]
[BlackElo "1138"]
[Opening "Vienna: `Frankenstein-Dracula' variation"]
[ECO "C27"]
[NIC "VG.02"]
[Time "09:15:14"]
[TimeControl "120+12"]

1. e4 e5 2. Nc3 Nf6 3. Bc4 Nxe4 4. Qh5 Nd6 5. Bb3 Nc6 6. Nb5 g6 7. Qf3 f5 8.
Qd5 Qe7 9. Nxc7+ Kd8 10. Nxa8 b6 11. d3 Bb7 12. Nxb6 axb6 13. Qf3 Nd4 14.
Qg3 Nxb3 15. axb3 f4 16. Qg4 Nf5 17. Ra7 d5 18. Ne2 Bg7 19. Nc3 d4 20. Nd5
h5 21. Qxg6 Qf8 22. Qxb6+ Ke8 23. Qe6+ Ne7 24. Rxb7 {Black forfeits on time}
1-0

[Event "GambitGuide"]
[Site "Internet Chess Club"]
[Date "2014.10.31"]
[Round "1"]
[White "JSBach"]
[Black "nightyknight"]
[Result "1/2-1/2"]
[ICCResult "Game drawn by repetition"]
[WhiteElo "1684"]
[BlackElo "1189"]
[Opening "Vienna: `Frankenstein-Dracula' variation"]
[ECO "C27"]
[NIC "VG.02"]
[Time "09:16:30"]
[TimeControl "120+12"]

1. e4 e5 2. Nc3 Nf6 3. Bc4 Nxe4 4. Qh5 Nd6 5. Bb3 Nc6 6. Nb5 g6 7. Qf3 f5 8.
Qd5 Qe7 9. Nxc7+ Kd8 10. Nxa8 b6 11. d3 b5 12. a4 Bb7 13. axb5 Nd4 14. Bg5
Qxg5 15. Qxe5 Qxg2 16. Qf6+ Kc8 17. Qxh8 Ne6 18. Bxe6 dxe6 19. Qxf8+ Kd7 20.
Qg7+ Kd8 21. Qh8+ Kd7 22. Qxh7+ Kd8 23. Qh8+ Kd7 24. Qg7+ Kd8 25. Qh8+ Kd7
26. Qg7+ Kd8 27. Qh8+ Kd7 28. Qg7+ {Game drawn by repetition} 1/2-1/2

[Event "GambitGuide"]
[Site "Internet Chess Club"]
[Date "2014.10.31"]
[Round "1"]
[White "JSBach"]
[Black "Archilleus"]
[Result "1-0"]
[ICCResult "Black resigns"]
[WhiteElo "1684"]
[BlackElo "1348"]
[Opening "Vienna: `Frankenstein-Dracula' variation"]
[ECO "C27"]
[NIC "VG.02"]
[Time "09:13:10"]
[TimeControl "120+12"]

1. e4 e5 2. Nc3 Nf6 3. Bc4 Nxe4 4. Qh5 Nd6 5. Bb3 Nc6 6. Nb5 g6 7. Qf3 f5 8.
Qd5 Qe7 9. Nxc7+ Kd8 10. Nxa8 b6 11. d3 Nb4 12. Bg5 Nxd5 13. Bxe7+ Nxe7 14.
d4 exd4 15. Rd1 Ne4 16. f3 Nc5 17. Rxd4 Bb7 18. Nxb6 axb6 19. Bf7 Nc6 20.
Rd2 Ne5 21. Bd5 Bxd5 22. Rxd5 Bg7 23. b4 Na4 24. h4 Nc3 25. Rd4 Nc6 26. Rf4
Re8+ 27. Kf2 Bd4+ 28. Kf1 Be5 29. Rc4 Nxa2 30. b5 Ncb4 31. f4 Bf6 32. Nh3
Re4 33. Rxe4 fxe4 34. Ng5 Bxg5 35. hxg5 Nxc2 36. Rxh7 Nc3 37. Rg7 e3 38.
Rg8+ Kc7 39. Re8 e2+ 40. Rxe2 Nxe2 41. Kxe2 Nd4+ 42. Kd3 Nxb5 43. Kc4 Nd6+
44. Kd3 Nf5 45. g4 Ng7 46. Ke4 b5 47. f5 gxf5+ 48. gxf5 b4 49. f6 Ne6 50. g6
b3 51. Kd3 Kd8 52. g7 {Black resigns} 1-0

[Event "GambitGuide"]
[Site "Internet Chess Club"]
[Date "2014.10.31"]
[Round "1"]
[White "JSBach"]
[Black "kingcesar"]
[Result "1-0"]
[ICCResult "Black resigns"]
[WhiteElo "1690"]
[BlackElo "2006"]
[Opening "Vienna: `Frankenstein-Dracula' variation"]
[ECO "C27"]
[NIC "VG.02"]
[Time "09:15:47"]
[TimeControl "120+12"]

1. e4 e5 2. Nc3 Nf6 3. Bc4 Nxe4 4. Qh5 Nd6 5. Bb3 Nc6 6. Nb5 g6 7. Qf3 f5 8.
Qd5 Qe7 9. Nxc7+ Kd8 10. Nxa8 b6 11. d3 Bb7 12. Nxb6 axb6 13. Qf3 e4 14.
dxe4 fxe4 15. Qe3 Nf5 16. Qxb6+ Kc8 17. Bf4 d6 18. Rd1 Bg7 19. c3 Re8 20.
Bd5 Qd7 21. a4 e3 22. fxe3 h6 23. Ne2 g5 24. e4 gxf4 25. exf5 f3 26. Be6
Rxe6 27. fxe6 Qxe6 28. gxf3 Ne5 29. Rxd6 Nxf3+ 30. Kd1 Qe8 31. b3 Bf8 32.
Rd3 Be4 33. Re3 Qd7+ 34. Nd4 Bb7 35. Rf1 Ba3 36. Qxh6 Bb2 37. Qf8+ Kc7 38.
Re7 {Black resigns} 1-0

[Event "GambitGuide"]
[Site "Internet Chess Club"]
[Date "2014.10.31"]
[Round "1"]
[White "JSBach"]
[Black "central321"]
[Result "0-1"]
[ICCResult "White checkmated"]
[WhiteElo "1690"]
[BlackElo "1642"]
[Opening "Vienna: `Frankenstein-Dracula' variation"]
[ECO "C27"]
[NIC "VG.02"]
[Time "09:12:54"]
[TimeControl "120+12"]

1. e4 e5 2. Nc3 Nf6 3. Bc4 Nxe4 4. Qh5 Nd6 5. Bb3 Nc6 6. Nb5 g6 7. Qf3 f5 8.
Qd5 Qe7 9. Nxc7+ Kd8 10. Nxa8 b6 11. d3 Bb7 12. Nxb6 axb6 13. Qf3 Kc7 14.
Bd2 Nd4 15. Qg3 f4 16. Qg4 Qf6 17. Ba4 b5 18. Bb3 h5 19. Qh3 g5 20. Ba5+ Kc8
21. f3 Bg7 22. Bb6 g4 23. fxg4 hxg4 24. Qxg4 Rh4 25. Qd1 Bxg2 26. Bxd4 exd4
27. Nf3 Rh3 28. Rf1 Bxf3 29. Rxf3 Qh4+ 30. Kd2 Rxh2+ 31. Kc1 Bh6 32. Kb1 Nf5
33. a3 Ne3 34. Rxe3 Rh1 35. Ka2 Rxd1 36. Re8+ Kc7 37. Rxd1 f3 38. Re5 f2 39.
Rxb5 Qg4 40. Rf1 Qg2 41. Rh5 Qxf1 42. a4 Qc1 43. Rc5+ Kd8 44. Rf5 f1=Q 45.
Rxf1 Qxf1 46. Bc4 Kc7 47. b4 Bd2 48. b5 Bc3 49. b6+ Kxb6 50. a5+ Kxa5 51.
Bb5 Kb4 52. Bxd7 Qa1# {White checkmated} 0-1

[Event "GambitGuide"]
[Site "Internet Chess Club"]
[Date "2014.10.31"]
[Round "1"]
[White "JSBach"]
[Black "Chessprincess64"]
[Result "1-0"]
[ICCResult "Black forfeits on time"]
[WhiteElo "1690"]
[BlackElo "2000"]
[Opening "Vienna: `Frankenstein-Dracula' variation"]
[ECO "C27"]
[NIC "VG.02"]
[Time "09:15:34"]
[TimeControl "120+12"]

1. e4 e5 2. Nc3 Nf6 3. Bc4 Nxe4 4. Qh5 Nd6 5. Bb3 Nc6 6. Nb5 g6 7. Qf3 f5 8.
Qd5 Qe7 9. Nxc7+ Kd8 10. Nxa8 b6 11. d3 Bb7 12. Nxb6 axb6 13. Qf3 Kc7 14.
Bd2 e4 15. Qe3 Bg7 16. dxe4 Nxe4 17. Bc1 Bd4 18. Qf4+ d6 19. Be3 Bxb2 20.
Rd1 Bc3+ 21. Kf1 Ba6+ 22. Ne2 Be5 23. Bxb6+ Kxb6 24. Qe3+ Kb7 25. c4 Nb4 26.
a3 Nc6 27. Rb1 Kc7 28. f4 Bf6 29. Ba2 {Black forfeits on time} 1-0

[Event "GambitGuide"]
[Site "Internet Chess Club"]
[Date "2014.10.31"]
[Round "1"]
[White "JSBach"]
[Black "kingcesar"]
[Result "1-0"]
[ICCResult "Black checkmated"]
[WhiteElo "1708"]
[BlackElo "2006"]
[Opening "Vienna: `Frankenstein-Dracula' variation"]
[ECO "C27"]
[NIC "VG.02"]
[Time "09:20:44"]
[TimeControl "120+12"]

1. e4 e5 2. Nc3 Nf6 3. Bc4 Nxe4 4. Qh5 Nd6 5. Bb3 Nc6 6. Nb5 g6 7. Qf3 f5 8.
Qd5 Qe7 9. Nxc7+ Kd8 10. Nxa8 b6 11. d3 Bb7 12. Nxb6 axb6 13. Qf3 Na5 14.
Qe3 Nxb3 15. Qxb6+ Ke8 16. Qxb3 e4 17. d4 Bg7 18. Bf4 g5 19. Bxd6 Qxd6 20.
Qxb7 Qxd4 21. Rd1 Qxb2 22. Qxd7+ Kf8 23. Qc8+ Kf7 24. Qxf5+ Ke8 25. Qe6+ Kf8
26. Rd8# {Black checkmated} 1-0

[Event "GambitGuide"]
[Site "Internet Chess Club"]
[Date "2014.10.31"]
[Round "1"]
[White "JSBach"]
[Black "Archilleus"]
[Result "1-0"]
[ICCResult "Black resigns"]
[WhiteElo "1708"]
[BlackElo "1348"]
[Opening "Vienna: `Frankenstein-Dracula' variation"]
[ECO "C27"]
[NIC "VG.02"]
[Time "09:20:20"]
[TimeControl "120+12"]

1. e4 e5 2. Nc3 Nf6 3. Bc4 Nxe4 4. Qh5 Nd6 5. Bb3 Nc6 6. Nb5 g6 7. Qf3 f5 8.
Qd5 Qe7 9. Nxc7+ Kd8 10. Nxa8 b6 11. d3 Nb4 12. Qf3 Bb7 13. Qh3 Bxa8 14. Bd2
Nf7 15. Rd1 g5 16. a3 g4 17. Qh5 Nxd3+ 18. cxd3 Bxg2 19. Qxf5 Bxh1 20. Bxf7
e4 21. Bg5 {Black resigns} 1-0

[Event "GambitGuide"]
[Site "Internet Chess Club"]
[Date "2014.10.31"]
[Round "1"]
[White "JSBach"]
[Black "gianchan"]
[Result "0-1"]
[ICCResult "White checkmated"]
[WhiteElo "1713"]
[BlackElo "1708"]
[Opening "Vienna: `Frankenstein-Dracula' variation"]
[ECO "C27"]
[NIC "VG.02"]
[Time "09:19:32"]
[TimeControl "120+12"]

1. e4 e5 2. Nc3 Nf6 3. Bc4 Nxe4 4. Qh5 Nd6 5. Bb3 Nc6 6. Nb5 g6 7. Qf3 f5 8.
Qd5 Qe7 9. Nxc7+ Kd8 10. Nxa8 b6 11. d3 Bb7 12. Nxb6 axb6 13. Qf3 Bg7 14.
Be3 Kc7 15. Bd5 e4 16. Qe2 g5 17. dxe4 Nxe4 18. c3 Nxc3 19. Bxb6+ Kxb6 20.
Qxe7 Nxe7 21. Bxb7 Kxb7 22. a4 Nc6 23. a5 Ka6 24. h4 g4 25. f3 g3 26. Rh3 f4
27. h5 Nb4 28. h6 Bf6 29. Kd2 Ncd5 30. Rh5 Bxb2 31. Ra4 Bc3+ 32. Kc1 Re8 33.
Rxb4 Nxb4 34. Ne2 Rxe2 35. Rh1 Rxg2 36. Kd1 Rh2 37. Rg1 g2 38. Ke2 Rh1 39.
Kf2 Bd4+ 40. Kxg2 Rxg1+ 41. Kh3 Nd3 42. Kh2 Kb5 43. Kh3 Ne5 44. a6 Rg4 45.
fxg4 Kxa6 46. g5 Ng6 47. Kg2 Kb5 48. Kf3 Kc5 49. Ke4 Kd6 50. Kxd4 Ke6 51.
Ke4 d5+ 52. Kd3 Kf5 53. Ke2 Kg4 54. Kd3 f3 55. Ke3 Kg3 56. Kd2 f2 57. Ke2
Kg2 58. Ke3 f1=Q 59. Kd4 Qf3 60. Kc5 Qe4 61. Kb5 Qc4+ 62. Ka5 Qb3 63. Ka6 d4
64. Ka7 d3 65. Ka6 d2 66. Ka7 d1=Q 67. Ka8 Qa1# {White checkmated} 0-1

[Event "GambitGuide"]
[Site "Internet Chess Club"]
[Date "2014.10.31"]
[Round "1"]
[White "JSBach"]
[Black "Diracie"]
[Result "1-0"]
[ICCResult "Black resigns"]
[WhiteElo "1713"]
[BlackElo "1437"]
[Opening "Vienna: `Frankenstein-Dracula' variation"]
[ECO "C27"]
[NIC "VG.02"]
[Time "09:19:43"]
[TimeControl "120+12"]

1. e4 e5 2. Nc3 Nf6 3. Bc4 Nxe4 4. Qh5 Nd6 5. Bb3 Nc6 6. Nb5 g6 7. Qf3 f5 8.
Qd5 Qe7 9. Nxc7+ Kd8 10. Nxa8 b6 11. d3 Bb7 12. Nxb6 axb6 13. Qf3 Na5 14.
Qg3 Nxb3 15. axb3 Bg7 16. Be3 b5 17. Bg5 Bf6 18. Bxf6 Qxf6 19. Ra7 Ke7 20.
Nf3 Ra8 21. Rxa8 Bxa8 22. Nxe5 f4 23. Nxg6+ hxg6 24. Qg4 Qe6+ 25. Qxe6+ Kxe6
26. Rg1 Nf5 27. b4 Nd4 28. Kd2 Kf5 29. c4 bxc4 30. dxc4 d6 31. Kd3 Nc6 32.
b5 Ne5+ 33. Kd4 g5 34. f3 g4 35. fxg4+ Kxg4 36. c5 f3 37. cxd6 Kf4 38. Rf1
Ng4 39. d7 Nxh2 40. Ra1 Be4 41. d8=Q f2 42. Qc7+ Kg4 43. Qxh2 {Black
resigns} 1-0

[Event "GambitGuide"]
[Site "Internet Chess Club"]
[Date "2014.10.31"]
[Round "1"]
[White "JSBach"]
[Black "tushpa"]
[Result "1-0"]
[ICCResult "Black resigns"]
[WhiteElo "1713"]
[BlackElo "1386"]
[Opening "Vienna: `Frankenstein-Dracula' variation"]
[ECO "C27"]
[NIC "VG.02"]
[Time "09:20:04"]
[TimeControl "120+12"]

1. e4 e5 2. Nc3 Nf6 3. Bc4 Nxe4 4. Qh5 Nd6 5. Bb3 Nc6 6. Nb5 g6 7. Qf3 f5 8.
Qd5 Qe7 9. Nxc7+ Kd8 10. Nxa8 b6 11. d3 Bb7 12. Nxb6 axb6 13. Qf3 Nd4 14.
Qg3 Bg7 15. Bg5 Bf6 16. Bxf6 Qxf6 17. Ba4 b5 18. Bb3 Re8 19. c3 Nc6 20. Qh3
Re7 21. Bd5 e4 22. d4 e3 23. fxe3 b4 24. Rc1 f4 25. e4 Nxe4 26. Ne2 bxc3 27.
bxc3 Ng5 28. Qg4 f3 29. Bxf3 Ba6 30. Rc2 Bd3 31. Rb2 Nxf3+ 32. Qxf3 Qe6 33.
Qxd3 {Black resigns} 1-0

[Event "GambitGuide"]
[Site "Internet Chess Club"]
[Date "2014.10.31"]
[Round "1"]
[White "JSBach"]
[Black "oapa"]
[Result "1-0"]
[ICCResult "Black resigns"]
[WhiteElo "1718"]
[BlackElo "1559"]
[Opening "Vienna: `Frankenstein-Dracula' variation"]
[ECO "C27"]
[NIC "VG.02"]
[Time "09:17:37"]
[TimeControl "120+12"]

1. e4 e5 2. Nc3 Nf6 3. Bc4 Nxe4 4. Qh5 Nd6 5. Bb3 Nc6 6. Nb5 g6 7. Qf3 f5 8.
Qd5 Qe7 9. Nxc7+ Kd8 10. Nxa8 b6 11. d3 Bb7 12. Nxb6 axb6 13. Qf3 Nd4 14.
Qg3 f4 15. Qg4 N6f5 16. c3 Nxb3 17. axb3 Qd6 18. Ra7 Bc6 19. d4 exd4 20.
Bxf4 Qe6+ 21. Ne2 d3 22. Bc7+ Kc8 23. Bxb6 dxe2 24. Qg5 Bh6 25. Rc7+ Kb8 26.
Qg4 Qd6 27. Qxe2 Bb7 28. Rc4 Qxb6 29. Qe5+ Qd6 30. Qxh8+ Bf8 31. O-O Bc6 32.
Ra1 Ne7 33. Qxf8+ {Black resigns} 1-0

[Event "GambitGuide"]
[Site "Internet Chess Club"]
[Date "2014.10.31"]
[Round "1"]
[White "JSBach"]
[Black "nightyknight"]
[Result "1-0"]
[ICCResult "Black checkmated"]
[WhiteElo "1718"]
[BlackElo "1189"]
[Opening "Vienna: `Frankenstein-Dracula' variation"]
[ECO "C27"]
[NIC "VG.02"]
[Time "09:22:17"]
[TimeControl "120+12"]

1. e4 e5 2. Nc3 Nf6 3. Bc4 Nxe4 4. Qh5 Nd6 5. Bb3 Nc6 6. Nb5 g6 7. Qf3 f5 8.
Qd5 Qe7 9. Nxc7+ Kd8 10. Nxa8 b6 11. d3 e4 12. dxe4 Nxe4 13. Be3 Bg7 14.
O-O-O Bb7 15. Bxb6+ axb6 16. Nxb6 Ne5 17. Qxb7 Nxf2 18. Qc8# {Black
checkmated} 1-0

[Event "GambitGuide"]
[Site "Internet Chess Club"]
[Date "2014.10.31"]
[Round "1"]
[White "JSBach"]
[Black "Chessprincess64"]
[Result "1-0"]
[ICCResult "Black resigns"]
[WhiteElo "1718"]
[BlackElo "2000"]
[Opening "Vienna: `Frankenstein-Dracula' variation"]
[ECO "C27"]
[NIC "VG.02"]
[Time "09:22:19"]
[TimeControl "120+12"]

1. e4 e5 2. Nc3 Nf6 3. Bc4 Nxe4 4. Qh5 Nd6 5. Bb3 Nc6 6. Nb5 g6 7. Qf3 f5 8.
Qd5 Qe7 9. Nxc7+ Kd8 10. Nxa8 b6 11. d3 Bb7 12. Nxb6 axb6 13. Qf3 Kc7 14.
Be3 Bg7 15. Bd5 e4 16. Qe2 exd3 17. Qxd3 Nb4 18. Qe2 Bxd5 19. Bxb6+
{Black resigns}
1-0

[Event "GambitGuide"]
[Site "Internet Chess Club"]
[Date "2014.10.31"]
[Round "1"]
[White "JSBach"]
[Black "Yorick"]
[Result "0-1"]
[ICCResult "White checkmated"]
[WhiteElo "1718"]
[BlackElo "2196"]
[Opening "Vienna: `Frankenstein-Dracula' variation"]
[ECO "C27"]
[NIC "VG.02"]
[Time "09:16:36"]
[TimeControl "120+12"]

1. e4 e5 2. Nc3 Nf6 3. Bc4 Nxe4 4. Qh5 Nd6 5. Bb3 Nc6 6. Nb5 g6 7. Qf3 f5 8.
Qd5 Qe7 9. Nxc7+ Kd8 10. Nxa8 b6 11. d3 Bb7 12. Nxb6 axb6 13. Qf3 f4 14. Qg4
Bh6 15. Bd2 e4 16. Bxf4 exd3+ 17. Kf1 Bxf4 18. Qxf4 Rf8 19. Qg4 Ne4 20. Nf3
Rxf3 21. gxf3 Ne5 22. Qf4 Nxf3 23. Qb8+ Bc8 24. Qxb6+ Ke8 25. Qc7 Ned2+ 26.
Kg2 Qg5+ 27. Qg3 Nh4+ 28. Kg1 Ndf3+ 29. Kf1 Nd2+ 30. Kg1 Ndf3+ 31. Kf1 Qe7
32. cxd3 Nd2+ 33. Kg1 Nhf3+ 34. Kg2 Nh4+ 35. Qxh4 Qxh4 36. Rhe1+ Kd8 37. Re3
Bb7+ 38. f3 Nxf3 39. h3 Ne5+ 40. Kg1 Qg5+ 41. Kf2 Qf4+ 42. Ke2 Qh2+ 43. Kd1
Qg1+ 44. Re1 Qd4 45. Re2 Nxd3 46. Rb1 Nf4+ 47. Ke1 Nxe2 48. Rd1 Qh4+ 49.
Kxe2 Ba6+ 50. Kd2 Qxh3 51. Bd5 Qh2+ 52. Kc3 Qe5+ 53. Kb3 h5 54. a3 h4 55.
Kc2 g5 56. b4 g4 57. a4 Be2 58. Rd2 h3 59. Bc6 Qc7 60. Kb3 Qxc6 61. Kb2 g3
62. Rxe2 g2 63. b5 Qf6+ 64. Kc2 g1=Q 65. a5 Qc5+ 66. Kb3 Qfc3+ 67. Ka2 Q5c4+
68. Kb1 Q4b3+ 69. Rb2 Qbxb2# {White checkmated} 0-1

[Event "GambitGuide"]
[Site "Internet Chess Club"]
[Date "2014.10.31"]
[Round "1"]
[White "JSBach"]
[Black "nightyknight"]
[Result "1-0"]
[ICCResult "Black resigns"]
[WhiteElo "1718"]
[BlackElo "1189"]
[Opening "Vienna: `Frankenstein-Dracula' variation"]
[ECO "C27"]
[NIC "VG.02"]
[Time "09:23:43"]
[TimeControl "120+12"]

1. e4 e5 2. Nc3 Nf6 3. Bc4 Nxe4 4. Qh5 Nd6 5. Bb3 Nc6 6. Nb5 g6 7. Qf3 f5 8.
Qd5 Qe7 9. Nxc7+ Kd8 10. Nxa8 b6 11. d3 e4 12. dxe4 Nxe4 13. Be3 Nxf2 14.
Kxf2 Qh4+ 15. g3 Qf6 16. Rd1 Bd6 17. Qxd6 {Black resigns} 1-0

[Event "GambitGuide"]
[Site "Internet Chess Club"]
[Date "2014.10.31"]
[Round "1"]
[White "JSBach"]
[Black "Chessprincess64"]
[Result "1-0"]
[ICCResult "Black resigns"]
[WhiteElo "1718"]
[BlackElo "2000"]
[Opening "Vienna: `Frankenstein-Dracula' variation"]
[ECO "C27"]
[NIC "VG.02"]
[Time "09:23:48"]
[TimeControl "120+12"]

1. e4 e5 2. Nc3 Nf6 3. Bc4 Nxe4 4. Qh5 Nd6 5. Bb3 Nc6 6. Nb5 g6 7. Qf3 f5 8.
Qd5 Qe7 9. Nxc7+ Kd8 10. Nxa8 b6 11. d3 Bb7 12. Nxb6 axb6 13. Qf3 Kc7 14.
Be3 Bg7 15. Bd5 e4 16. Qf4 exd3 17. cxd3 Bxb2 18. Rb1 Bc3+ 19. Kf1 Ba5 20.
Rc1 Kb8 21. Qa4 Rc8 22. Bf4 {Black resigns} 1-0

[Event "GambitGuide"]
[Site "Internet Chess Club"]
[Date "2014.10.31"]
[Round "1"]
[White "JSBach"]
[Black "mgchess"]
[Result "1/2-1/2"]
[ICCResult "Game drawn by repetition"]
[WhiteElo "1729"]
[BlackElo "1364"]
[Opening "Vienna: `Frankenstein-Dracula' variation"]
[ECO "C27"]
[NIC "VG.02"]
[Time "09:24:58"]
[TimeControl "120+12"]

1. e4 e5 2. Nc3 Nf6 3. Bc4 Nxe4 4. Qh5 Nd6 5. Bb3 Nc6 6. Nb5 g6 7. Qf3 f5 8.
Qd5 Qe7 9. Nxc7+ Kd8 10. Nxa8 b6 11. d3 Bb7 12. Nxb6 axb6 13. Qf3 Nd4 14.
Qg3 Bg7 15. Bg5 Bf6 16. Bxf6 Qxf6 17. Ba4 b5 18. Bb3 e4 19. dxe4 Nxe4 20.
Qb8+ Ke7 21. Qxb7 Nxb3 22. axb3 Qxb2 23. Rd1 Qc3+ 24. Kf1 Nd2+ 25. Ke2 Qe5+
26. Kxd2 Qd4+ 27. Ke1 Qc3+ 28. Rd2 Qa1+ 29. Ke2 Qe5+ 30. Kf3 Qc3+ 31. Ke2
Qe5+ 32. Kf3 Qc3+ 33. Ke2 Qe5+ 34. Kf3 Qc3+ 35. Ke2 Qe5+ 36. Kf3 Qc3+ 37.
Ke2 {Game drawn by repetition} 1/2-1/2

[Event "GambitGuide"]
[Site "Internet Chess Club"]
[Date "2014.10.31"]
[Round "1"]
[White "JSBach"]
[Black "Chessprincess64"]
[Result "1-0"]
[ICCResult "Black resigns"]
[WhiteElo "1729"]
[BlackElo "2000"]
[Opening "Vienna: `Frankenstein-Dracula' variation"]
[ECO "C27"]
[NIC "VG.02"]
[Time "09:25:53"]
[TimeControl "120+12"]

1. e4 e5 2. Nc3 Nf6 3. Bc4 Nxe4 4. Qh5 Nd6 5. Bb3 Nc6 6. Nb5 g6 7. Qf3 f5 8.
Qd5 Qe7 9. Nxc7+ Kd8 10. Nxa8 b6 11. d3 Bb7 12. Nxb6 axb6 13. Qf3 Nd4 14.
Qg3 Kc7 15. Bg5 {Black resigns} 1-0

[Event "GambitGuide"]
[Site "Internet Chess Club"]
[Date "2014.10.31"]
[Round "1"]
[White "JSBach"]
[Black "nightyknight"]
[Result "1-0"]
[ICCResult "Black resigns"]
[WhiteElo "1729"]
[BlackElo "1189"]
[Opening "Vienna: `Frankenstein-Dracula' variation"]
[ECO "C27"]
[NIC "VG.02"]
[Time "09:24:34"]
[TimeControl "120+12"]

1. e4 e5 2. Nc3 Nf6 3. Bc4 Nxe4 4. Qh5 Nd6 5. Bb3 Nc6 6. Nb5 g6 7. Qf3 f5 8.
Qd5 Qe7 9. Nxc7+ Kd8 10. Nxa8 b6 11. d3 Nd4 12. h4 Bb7 13. Bg5 Bxd5 14. Nxb6
Bxg2 15. Rh2 e4 16. Rxg2 exd3+ 17. Bxe7+ Bxe7 18. Nd5 Bxh4 19. cxd3 Re8+ 20.
Kd2 Bg5+ 21. Rxg5 h6 22. Rxg6 {Black resigns} 1-0

[Event "GambitGuide"]
[Site "Internet Chess Club"]
[Date "2014.10.31"]
[Round "1"]
[White "JSBach"]
[Black "ClubberLang"]
[Result "1-0"]
[ICCResult "Black resigns"]
[WhiteElo "1729"]
[BlackElo "1684"]
[Opening "Vienna: `Frankenstein-Dracula' variation"]
[ECO "C27"]
[NIC "VG.02"]
[Time "09:25:19"]
[TimeControl "120+12"]

1. e4 e5 2. Nc3 Nf6 3. Bc4 Nxe4 4. Qh5 Nd6 5. Bb3 Nc6 6. Nb5 g6 7. Qf3 f5 8.
Qd5 Qe7 9. Nxc7+ Kd8 10. Nxa8 b6 11. d3 Bb7 12. Nxb6 axb6 13. Qf3 Nd4 14.
Qh3 Nxb3 15. axb3 e4 16. d4 Bg7 17. Ne2 Nb5 18. Qg3 Qd6 19. Bf4 Qd5 20. c4
Qd6 21. Bxd6 {Black resigns} 1-0